[Event "ONJK DE"]
[Site "Enschede, Netherlands"]
[Date "2022.08.13"]
[Round "13.7"]
[White "Leenen, Boyd (E)"]
[Black "Uitermark, Imre (E)"]
[Result "1/2-1/2"]
[TimeControl "40min + 30sec/move"]
[WhiteElo "1417"]
[BlackElo "1028"]

1. e4 e5 2. Nf3 Nc6 3. Bc4 Nf6 4.
d3 d6 5.
Nc3 h6 6. h3 Be6 7. Bb3 Na5 8. Be3 Nxb3 9. axb3 a6 10. O-O Qd7 11. Re1 Be7 12. d4 exd4 13. Bxd4 O-O 14. Bxf6 Bxf6 15.
e5 Be7 16. exd6 Qxd6 17. Ne4 Qxd1 18. Raxd1 Rfd8 19. Nd4 Rab8 20.
Nxe6 Rxd1 21. Rxd1 fxe6 22. Rd7 Bd8 23. Nc5 Bf6 24. c3 Rc8 25. Nxb7 c6 26. b4 Bg5 27. Nc5 Bc1 28. Nd3 Bg5 29.
f4 Rd8 30. Rxd8+ Bxd8 31. Nc5 Bb6 32.
Kf2 Bxc5+ 33. bxc5 Kf7 34. Ke3 Kf6 35. Ke4 a5 36. g4 g6 37. b3 g5 38. fxg5+ hxg5 39. Kd4 e5+ 40. Ke4 Ke6 41. c4 Kf6 42.
Kf3 Ke6 43. Kg3 e4 44. Kf2 Kf6 45. Ke2 Ke6 46. Kd2 Kf6 1/2-1/2

[Event "ONJK DE"]
[Site "Enschede, Netherlands"]
[Date "2022.08.13"]
[Round "13.8"]
[White "Koppenens, Oscar (E)"]
[Black "Van Borren, Ruben (E)"]
[Result "1-0"]
[TimeControl "40min + 30sec/move"]
[WhiteElo "1266"]
[BlackElo "629"]

1. e4 e5 2. Nf3 Nc6 3. Bc4 Nf6 4. d4 exd4 5. e5 Qe7 6. O-O Nxe5 7. Nxe5 Qc5 8. Bxf7+ Kd8 9. Nf3 Bd6 10.
Nxd4 Qe5 11. f4 Qc5 12. Re1 b6 13. Be3 Qb4 14. Qf3 c6 15. Nd2 Qxb2 16. Nc4 Qb4 17. a3 Qa4 18. Nxd6 Ba6 19. Rad1 Qxa3 20. Nxc6+ dxc6 21.
Qxc6 Rf8 22. Nc8+ Qd6 23. Rxd6+ Nd7 24. Qxd7# 1-0